AoeStats
← Fluvialgeomorphologist

Black Forest

506578608Analyzed
4v4 RM · 18d ago on Sep 14, 2026· 48m 11s· 8 players
Game mode
Random Map
Map size
Large (8 player)
Population
200
Speed
Normal
Resources
Standard
Victory
Conquest
Starting age
Dark Age
Ending age
Imperial Age
RankedLock teamsTeams togetherTeam positionsShared explorationLock speedFull tech treeHidden civsTurbo modeCheats
Victory
Defeat
🇵🇪 Byzantines · Peru
881
+12
🇺🇸 Bohemians · United States
853
+13
🇦🇷 Tupi · Argentina
845
+13
🇲🇽 Khmer · Mexico
832
+13
🇺🇸 Italians · United States
879
-16
🇹🇼 Armenians · Taiwan
777
-13
🇺🇸 Lithuanians · United States
737
-11
🇺🇸 Saracens · United States
724
-11
HTELRA6828
0:46 Loom
15:52 Feudal Age
17:35 Wheelbarrow
17:55 Horse Collar
18:47 Double-Bit Axe
23:03 Gold Mining
23:28 Town Watch
25:33 Stone Mining
30:19 Castle Age
31:46 Bow Saw
31:40 Heavy Plow
32:45 Hand Cart
33:23 Gold Shaft Mining
33:23 Stone Shaft Mining
33:12 Town Patrol
34:09 Caravan
38:11 Ballistics
44:14 Imperial Age
46:07 Chemistry
45:11 Heavy Scorpion
46:54 Double Crossbow
47:21 Capped Ram
Atila
0:26 Loom
16:17 Feudal Age
16:47 Double-Bit Axe
21:15 Wheelbarrow
20:37 Stone Mining
25:34 Castle Age
26:31 Bow Saw
26:04 Horse Collar
26:19 Gold Mining
26:34 Caravan
32:43 Imperial Age
32:34 Gold Shaft Mining
33:26 Redemption
34:24 Conscription
34:21 Heavy Plow
36:12 Hand Cart
37:38 Illumination
38:31 Two-Man Saw
38:45 Fortified Wall
39:35 Chemistry
39:43 Hoardings
42:30 Forging
42:20 Scale Mail Armor
42:11 Fletching
43:14 Coinage
42:51 Pikeman
43:31 Squires
43:19 Arson
44:14 Iron Casting
45:37 Halberdier
DiamanteX3191
12:49 Feudal Age
14:16 Wheelbarrow
13:35 Double-Bit Axe
13:34 Horse Collar
15:03 Fishing Lines
16:24 Loom
20:26 Castle Age
20:16 Town Watch
21:52 Bow Saw
22:23 Gold Mining
23:01 Hand Cart
23:38 Stone Mining
25:31 Gold Shaft Mining
26:03 Heavy Plow
25:56 Gillnets
33:00 Imperial Age
31:56 Ballistics
32:05 Caravan
33:06 Elite Blackwood Archer
33:40 Fletching
33:51 Padded Archer Armor
34:54 Chemistry
34:26 Conscription
34:29 Bodkin Arrow
35:45 Curare
37:36 Two-Man Saw
37:26 Treadmill Crane
37:34 Arrowslits
37:46 Murder Holes
38:06 Squires
37:46 Pikeman
38:16 Elite Ibirapema Warrior
38:22 Champi Runner
40:20 Caciques
40:41 Halberdier
40:43 Champi Warrior
43:10 Bracer
43:26 Leather Archer Armor
43:11 Scale Mail Armor
43:22 Forging
49:12 Ring Archer Armor
48:57 Chain Mail Armor
49:12 Ring Archer Armor
49:18 Iron Casting
Fluvialgeomorphologist
1:24 Loom
12:20 Feudal Age
13:47 Double-Bit Axe
16:15 Castle Age
14:56 Horse Collar
17:13 Bow Saw
17:07 Heavy Plow
20:09 Fervor
22:26 Wheelbarrow
24:10 Town Watch
29:43 Imperial Age
28:30 Hand Cart
29:38 Chemistry
29:57 Murder Holes
29:57 Onager
30:52 Pikeman
31:32 Squires
33:21 Two-Man Saw
33:00 Forging
32:50 Scale Mail Armor
32:41 Fletching
32:52 Padded Archer Armor
32:18 Elite Skirmisher
33:16 Husbandry
32:39 Light Cavalry
33:27 Halberdier
34:33 Conscription
34:30 Caravan
35:24 Wagenburg Tactics
36:17 Town Patrol
35:40 Elite Hussite Wagon
37:26 Siege Engineers
37:22 Houfnice
40:25 Iron Casting
40:05 Chain Mail Armor
39:46 Bodkin Arrow
40:15 Onager
41:55 Leather Archer Armor
43:32 Ballistics
matticus23
0:27 Loom
14:55 Feudal Age
17:31 Wheelbarrow
16:51 Gold Mining
20:46 Double-Bit Axe
23:59 Castle Age
22:46 Stone Mining
22:45 Horse Collar
32:44 Caravan
34:05 Bow Saw
34:13 Heavy Plow
35:12 Fortified Wall
36:15 Gold Shaft Mining
37:39 Hand Cart
37:10 Town Watch
38:33 Scale Mail Armor
42:18 Imperial Age
40:29 Coinage
39:45 Pikeman
40:12 Gambesons
40:28 Squires
40:13 Arson
40:53 Forging
43:35 Conscription
43:57 Hoardings
44:58 Murder Holes
45:25 Ballistics
44:29 Elite Skirmisher
46:07 Conscription
46:49 Conscription
FAD3D WHHYY NOT
0:27 Loom
15:46 Feudal Age
25:10 Castle Age
24:18 Arson
26:05 Pikeman
30:02 Town Watch
30:46 Squires
32:49 Double-Bit Axe
33:07 Husbandry
38:44 Wheelbarrow
40:07 Bloodlines
41:02 Scale Barding Armor
41:08 Forging
43:22 Iron Casting
49:47 Imperial Age
Anchor of Light
0:26 Loom
13:52 Feudal Age
15:10 Double-Bit Axe
17:47 Arson
23:08 Castle Age
21:43 Stone Mining
28:20 Fishing Lines
32:03 Horse Collar
32:59 Gillnets
34:50 Treadmill Crane
35:51 Wheelbarrow
37:50 Imperial Age
35:09 Town Watch
35:45 Fletching
35:56 Padded Archer Armor
36:16 Fortified Wall
36:28 Ballistics
36:41 Bodkin Arrow
37:19 Thumb Ring
37:53 Masonry
38:11 Murder Holes
40:38 Chemistry
41:37 Hand Cart
41:23 Town Patrol
42:59 Forging
42:50 Scale Mail Armor
43:31 Squires
45:29 Chain Mail Armor
老多金仙人
1:27 Loom
13:15 Feudal Age
13:42 Double-Bit Axe
19:18 Castle Age
18:13 Stone Mining
18:16 Gold Mining
20:44 Wheelbarrow
20:22 Horse Collar
22:21 Fervor
22:09 Fishing Lines
23:21 Squires
31:59 Imperial Age
30:41 Bow Saw
31:10 Gold Shaft Mining
32:03 Fortified Wall
31:56 Scale Mail Armor
32:07 Forging
31:45 Arson
32:58 Heavy Plow
33:25 Guilds
33:38 Ballistics
34:00 Hand Cart
35:19 Iron Casting
35:25 Conscription
35:44 Chain Mail Armor
37:14 Blast Furnace
36:27 Gillnets
37:34 Fereters
38:55 Plate Mail Armor
38:18 Fletching
41:09 Chemistry
40:09 Murder Holes
41:02 Capped Ram
42:04 Bodkin Arrow
42:32 Bombard Tower
42:43 Cilician Fleet
42:44 Padded Archer Armor
42:46 Bracer
42:16 Elite Composite Bowman
43:40 Masonry
44:13 Devotion
45:16 Hoardings
45:19 Leather Archer Armor
Connection lost

Rejoining the realm…

Still unreachable

The connection could not be restored.

Session expired

The server has moved on; the page needs a fresh start.